 Dungeon Crawl Stone Soup version 0.31.0-7-gf635a9b802 (webtiles) character file.

Game seed: 5958884724174534478

1113 Arctor the Shooter (level 8, -6/48 HPs)
             Began as a Kobold Hexslinger on Jan 23, 2024.
             Was a Believer of Nemelex Xobeh.
             Killed from afar by a steam dragon (15 damage)
             ... with a ball of steam
             ... on level 5 of the Dungeon.
             The game lasted 00:09:07 (5055 turns).

Arctor the Shooter (Kobold Hexslinger)              Turns: 5055, Time: 00:09:08

Health: -6/48      AC:  6    Str: 11    XL:     8   Next: 60%
Magic:  11/14      EV: 18    Int: 14    God:    Nemelex Xobeh [**....]
Gold:   20         SH:  0    Dex: 20    Spells: 6/15 levels left

rFire   . . .        v - +1 triple crossbow (freeze)
rCold   . . .        (shield currently unavailable)
rNeg    . . .        c - +0 robe
rPois   .            (no helmet)
rElec   .            w - +0 cloak
rCorr   .            h - +1 pair of gloves
SInv    .            i - +0 pair of boots
Will    .....        (no amulet)
Stlth   +++          f - +6 ring of strength
HPRegen 0.28/turn    (no ring)
MPRegen 0.14/turn

%: no passive effects
@: weak-willed, jinxed
A: small, no large weapons, nightstalker 3
a: Renounce Religion, Draw Escape, Draw Destruction, Draw Summoning


You were on level 5 of the Dungeon.
You worshipped Nemelex Xobeh.
Nemelex Xobeh was pleased with you.
You visited 1 branch of the dungeon, and saw 5 of its levels.
You also visited: Sewer.

You collected 280 gold pieces.
You spent 260 gold pieces at shops.

Inventory:

Hand Weapons
 a - a +2 sling of electrocution
 t - a +1 dagger of electrocution
 v - a +1 triple crossbow of freezing (weapon)
 x - a +0 triple crossbow of chaos
Missiles
 o - a javelin
 y - 3 poisoned darts
 z - a throwing net
 A - a boomerang
Armour
 c - a +0 robe (worn)
 h - a +1 pair of gloves (worn)
 i - a +0 pair of boots (worn)
 w - a +0 cloak (worn)
Jewellery
 f - a +6 ring of strength (left hand)
 u - a ring of resist corrosion
Scrolls
 b - 4 scrolls of poison
 e - a scroll of torment
 g - a scroll of enchant armour
 j - a scroll of amnesia
 k - a scroll of brand weapon
 m - a scroll of immolation
 n - 5 scrolls of identify
 r - 2 scrolls of fear
Potions
 d - a potion of curing
 l - a potion of heal wounds
 p - 2 potions of might {unknown}
 q - a potion of mutation {unknown}
 s - a potion of magic {unknown}


   Skills:
 + Level 4.5 Fighting
 + Level 6.1 Ranged Weapons
 + Level 5.5 Dodging
 + Level 4.2 Spellcasting
 + Level 5.1 Hexes
 - Level 1.9 Fire Magic


You had 6 spell levels left.
You knew the following spells:

 Your Spells              Type           Power      Damage    Failure   Level
a - Jinxbite              Hex            34%        N/A       3%          2
b - Sigil of Binding      Hex            17%        N/A       7%          3
c - Dimensional Bullseye  Hex/Tloc       5%         N/A       54%         4

Your spell library contained the following spells:

 Spells                   Type           Power      Damage    Failure   Level
 Inner Flame              Hex/Fire       12%        N/A       14%         3
 Cause Fear               Hex            8%         N/A       22%         4
 Vhi's Electric Charge    Tloc/Air       4%         N/A       88%         4
 Arcjolt                  Conj/Air       1%         1d11      99%         5
 Plasma Beam              Fire/Air       2%         2x1d12    100%        6


Dungeon Overview and Level Annotations

Branches:
Dungeon (5/15)              Sewer (visited)
 Temple: D:4-7

Altars:
Fedhas
Gozag
Nemelex Xobeh

Shops:
D:5 (


Innate Abilities, Weirdness & Mutations

You are small and have problems with some larger weapons.
You are completely attuned to the shadows.


Message History

The steam dragon claws you but does no damage.
The gnoll barely misses you.
You shoot a bolt.
The bolt barely misses the steam dragon.
A giggling sprite leaps out and makes the steam dragon trip over its own talons.
The steam dragon is moderately wounded.
The steam dragon bites you. The steam dragon closely misses you.
The gnoll barely misses you. The steam dragon breathes steam at you.
The ball of steam hits you! The gnoll barely misses you.
You hear an angry hiss.
You shoot a bolt.
The bolt closely misses the steam dragon.
You are engulfed in a cloud of scalding steam.
* * * LOW HITPOINT WARNING * * *
The steam dragon completely misses you. x2; The gnoll hits you with a +0 whip.
* * * LOW HITPOINT WARNING * * *
The steam dragon bites you but does no damage.
The steam dragon closely misses you. The gnoll completely misses you.
You shoot a bolt. The bolt hits the steam dragon!
The bolt freezes the steam dragon.
The steam dragon is severely wounded.
A giggling sprite leaps out and smacks the steam dragon with its own front talon.
The steam dragon is severely wounded.
The jinxing sprites lose interest in you.
The steam dragon misses you. The steam dragon completely misses you.
The gnoll hits you with a +0 whip.
* * * LOW HITPOINT WARNING * * *
The steam dragon misses you.
The steam dragon claws you but does no damage.
The gnoll hits you but does no damage.
Casting: Jinxbite (safe; 3% risk of failure)
Confirm with . or Enter, or press ? or * to list all spells.
You beckon some vexing sprites to accompany your attacks.
You feel your willpower being sapped. The gnoll hits you with a +0 whip.
* * * LOW HITPOINT WARNING * * *
The steam dragon breathes steam at you. The ball of steam hits you!
You die...
Your body disappears without a glow.

### .g.. ..#..).
#...... #.g.g.. #g##
##@# ##D##
########...##
####...........#
#.......#......#
#.##∩##........#
#.#..(#...†....#
#.#...#.........#
#####.#.(.#.........#


You could see a steam dragon (catching breath, very drained) and 2 gnolls.

Vanquished Creatures
  A water moccasin (D:5)
  An ice beast (D:5)
  2 black bears
  3 kobold brigands (Sewer)
  2 hounds
  2 bombardier beetles (D:5)
  2 orc priests (D:5)
  An iguana (D:5)
  2 orc wizards (D:5)
  6 gnolls (D:5)
  7 adders
  2 river rats (Sewer)
  A dart slug (D:1)
  9 ribbon worms
  16 orcs
  9 ball pythons
  6 endoplasms
  5 giant cockroaches
  7 goblins
  3 hobgoblins
  6 jackals
  11 kobolds
  4 quokkas
  3 training dummies (D:5)
  7 bats
  A frilled lizard (D:1)
  6 rats
125 creatures vanquished.

Notes
Turn   | Place    | Note
-------+----------+-------------------------------------------
     0 | D:1      | Arctor the Kobold Hexslinger began the quest for the Orb.
     0 | D:1      | Reached XP level 1. HP: 12/12 MP: 2/2
   208 | D:1      | Reached XP level 2. HP: 16/16 MP: 3/3
   668 | D:1      | Reached skill level 3 in Ranged Weapons
   930 | D:1      | Reached XP level 3. HP: 20/20 MP: 5/5
   946 | D:1      | Learned a level 2 spell: Jinxbite
  1181 | D:2      | Found a blossoming altar of Fedhas.
  1732 | D:2      | Found a faded altar of an unknown god.
  1825 | D:2      | Identified the +5 scale mail "Salyk" {*Corrode rPois rF+}
  1904 | D:2      | Prayed at the altar of an unknown god.
  1904 | D:2      | Became a worshipper of Nemelex Xobeh the Trickster
  1904 | D:2      | Reached * piety under Nemelex Xobeh
  2109 | D:3      | Received a gift from Nemelex Xobeh
  2135 | D:3      | Reached XP level 4. HP: 19/26 MP: 3/6
  2383 | D:3      | Reached XP level 5. HP: 28/30 MP: 8/8
  2428 | D:3      | Found an opulent altar of Gozag.
  2941 | D:4      | Noticed a black bear
  2949 | D:4      | Killed a black bear
  2950 | D:4      | Reached skill level 4 in Ranged Weapons
  2950 | D:4      | Reached XP level 6. HP: 32/36 MP: 6/9
  3015 | D:4      | Reached ** piety under Nemelex Xobeh
  3022 | D:4      | Found a glowing drain.
  3038 | Sewer    | Entered a sewer
  3101 | Sewer    | Reached XP level 7. HP: 17/41 MP: 8/11
  3671 | D:4      | Reached skill level 5 in Ranged Weapons
  4184 | D:5      | Entered Level 5 of the Dungeon
  4189 | D:5      | Learned a level 3 spell: Sigil of Binding
  4194 | D:5      | Learned a level 4 spell: Dimensional Bullseye
  4203 | D:5      | Noticed a water moccasin
  4217 | D:5      | Killed a water moccasin
  4334 | D:5      | Reached XP level 8. HP: 48/48 MP: 10/13
  4638 | D:5      | Received a gift from Nemelex Xobeh
  4668 | D:5      | Reached skill level 5 in Dodging
  4740 | D:5      | Received a gift from Nemelex Xobeh
  4957 | D:5      | Found Yluascha's Firing Range.
  4962 | D:5      | Bought a +0 triple crossbow for 130 gold pieces
  4962 | D:5      | Bought a +0 triple crossbow for 130 gold pieces
  4981 | D:5      | Reached skill level 6 in Ranged Weapons
  4981 | D:5      | Reached skill level 5 in Hexes
  5055 | D:5      | Killed from afar by a steam dragon

Illustrated notes

Levels and vault maps discovered:
D:1:      psy_arrival_conway, layout_loops_corners, grunt_decor_junction
D:2:      layout_basic, hellmonk_ecumenical_altar_inner_sanctum, basic_altar,
          minmay_close_crescents
D:3:      layout_rooms, nicolae_gozag_cash_rules_everything_around_me
D:4:      layout_cave_pools, gup_sewer_entry_glass, nicolae_wormholes
D:5:      kennysheep_steamy, layout_cave_pods, st_stairs_13,
          chequers_serial_rivers_large_b, nicolae_shop_firing_range,
          uniq_eustachio

Skill      XL: |  1  2  3  4  5  6  7  8 |
---------------+-------------------------+-----
Ranged Weapons | 3 4 5 6 |  6.1
Dodging        | 3 4 5 |  5.5
Spellcasting   | 2 3 4 |  4.2
Fighting       | 2 3 4 |  4.5
Hexes          | 4 5 |  5.1
Fire Magic     | |  1.9

Action                     |  1- 3 |  4- 6 |  7- 9 || total
---------------------------+-------+-------+-------++-------
   Fire: Sling             |   100 |   168 |   140 ||   408
         Triple crossbow   |       |       |    30 ||    30
   Cast: Jinxbite          |     1 |     9 |     7 ||    17
 Invoke: Draw Destruction  |       |     1 |       ||     1
    Use: Scroll            |     2 |     3 |     9 ||    14
         Potion            |     1 |     3 |       ||     4
 Armour: Robe              |    31 |    72 |    67 ||   170
  Dodge: Dodged            |    66 |   130 |   125 ||   321
